 Dungeon Crawl Stone Soup version 0.19-a0-1732-g0b18a7b (webtiles) character file.

333 Amnesiac the Cudgeler (level 6, -3/67 HPs)
             Began as an Ogre Monk on Sept 30, 2016.
             Shot with an arrow by a centaur (10 damage)
             ... on level 5 of the Dungeon.
             The game lasted 00:04:19 (2187 turns).

Amnesiac the Cudgeler (Ogre Monk)                   Turns: 2187, Time: 00:04:20

Health: -3/67      AC:  4    Str: 17    XL:     6   Next: 52%
Magic:  6/6        EV: 11    Int:  9    God:
Gold:   183        SH:  0    Dex: 14    Spells: 0 memorised, 5 levels left

rFire  . . .     SeeInvis .     n - +0 flail
rCold  . . .     Gourm    .     q - +1 robe "Kiulagiq" {rPois rCorr Stlth-} (curse)
rNeg   . . .     Faith    .     (no shield)
rPois  +         Spirit   .     (helmet restricted)
rElec  .         Dismiss  .     (no cloak)
rCorr  +         Reflect  .     (gloves unavailable)
MR     .....     Harm     .     (boots unavailable)
Stlth  +.........               (no amulet)
                                (no ring)
                                (no ring)

@: flying
A: unfitting armour, tough skin 1
a: no special abilities


You were on level 5 of the Dungeon.
You were not hungry.

You visited 1 branch of the dungeon, and saw 5 of its levels.

You collected 183 gold pieces.

Inventory:

Hand Weapons
 n - a +0 flail (weapon)
Armour
 q - the cursed +1 robe "Kiulagiq" (worn) {rPois rCorr Stlth-}
   (You found it on level 4 of the Dungeon)

   It protects you from poison.
   It protects you from acid and corrosion.
   It makes you less stealthy.
   It has a curse placed upon it.
Wands
 u - a wand of lightning (2/15)
Scrolls
 b - a scroll of teleportation {unknown}
 d - a scroll of remove curse {unknown}
 g - 3 scrolls of identify {unknown}
 h - a scroll of magic mapping {unknown}
 m - a scroll of recharging {unknown}
 p - a scroll of blinking {unknown}
Potions
 a - a potion of might {unknown}
 e - a potion of heal wounds
 f - 2 potions of flight
 i - a potion of haste {unknown}
 j - a potion of brilliance {unknown}
 k - a potion of resistance {unknown}
 o - 2 potions of curing {unknown}
 s - a potion of agility {unknown}
Comestibles
 c - 2 bread rations
 l - a slice of pizza
 r - 2 beef jerkies
 t - a chunk of flesh


   Skills:
 + Level 5.9 Fighting
 * Level 7.2 Maces & Flails
 + Level 3.8 Dodging
 - Level 1.5 Stealth


You had 5 spell levels left.
You didn't know any spells.

Dungeon Overview and Level Annotations

Branches:
Dungeon (5/15)
 Temple: D:4-7

Altars:
Nemelex Xobeh
Xom
The Shining One


Innate Abilities, Weirdness & Mutations

You are too large for most types of armour.
You have tough skin. (AC +1)


Message History

Your Maces & Flails skill increases to level 7!
The centaur shoots an arrow.
The arrow hits you!
* * * LOW HITPOINT WARNING * * *
Unknown command.
It was a potion of flight.
You feel very buoyant.
You fly up into the air.
The centaur shoots an arrow.
The arrow hits you.
* * * LOW HITPOINT WARNING * * *
The centaur shoots an arrow.
The arrow closely misses you.
Unknown command.
Okay, then.
Evoke which item? (* to show all) (? for menu, Esc to quit)
Okay, then.
Okay, then.
It was a potion of heal wounds.
You feel much better.
The centaur shoots an arrow.
The arrow hits you.
The centaur shoots an arrow.
The arrow hits you!
* * * LOW HITPOINT WARNING * * *
The centaur shoots an arrow.
The arrow hits you!
You die...

######### ## ##......# #...
.(......+ +... ##(.....# ##...
### #(.....+ .'... ..# #......#
#...############# #.# #......#
####..)((.......####.#
#......####.........#.....#....#
+......'..')!..@....'......>...#
#......####..c......#..........#
#......'..'.........#.##.#.....#
#......####.........#.##.#)....'
........ ###########.##.#.....#
#.##.#.....# #.##.#......
########+##.#......
...........#.##.....


You could see a centaur.

Vanquished Creatures
  An ogre (D:5)
  2 orc priests (D:4)
  A centaur skeleton (D:4)
  A worker ant (D:4)
  An iguana (D:5)
  5 adders
  A shadow imp (D:5)
  An adder skeleton (D:4)
  5 worms
  A leopard gecko (D:2)
  9 orcs
  3 bats
  3 giant cockroaches
  2 hobgoblins (D:2)
  2 jackals (D:2)
  A quokka (D:2)
  A frilled lizard (D:4)
  A kobold (D:2)
  A rat (D:2)
42 creatures vanquished.

Notes
Turn   | Place    | Note
-------+----------+-------------------------------------------
     0 | D:1      | Amnesiac the Ogre Monk began the quest for the Orb.
     0 | D:1      | Reached XP level 1. HP: 24/24 MP: 1/1
   141 | D:2      | Reached XP level 2. HP: 17/32 MP: 2/2
   176 | D:2      | Found a shimmering altar of Xom.
   289 | D:2      | Reached skill level 5 in Maces & Flails
   289 | D:2      | Reached XP level 3. HP: 13/39 MP: 3/3
   879 | D:4      | Reached XP level 4. HP: 39/49 MP: 4/4
  1055 | D:4      | Reached skill level 5 in Fighting
  1087 | D:4      | Got a shimmering robe
  1100 | D:4      | Identified the cursed +1 robe "Kiulagiq" {rPois rCorr Stlth-} (You found it on level 4 of the Dungeon)
  1164 | D:4      | Found a sparkling altar of Nemelex Xobeh.
  1183 | D:4      | Reached XP level 5. HP: 39/57 MP: 5/5
  1490 | D:4      | Reached skill level 6 in Maces & Flails
  1680 | D:5      | Entered Level 5 of the Dungeon
  1699 | D:5      | Noticed a centaur
  1701 | D:5      | Noticed an ogre
  1982 | D:5      | Found a glowing golden altar of the Shining One.
  2022 | D:5      | Reached XP level 6. HP: 43/67 MP: 6/6
  2183 | D:5      | Reached skill level 7 in Maces & Flails
  2187 | D:5      | Shot with an arrow by a centaur

Vault maps used:
D:1:      dpeg_arrival_snail, serial_corexii_hall, corexii_hall_statues_i,
          corexii_hall_statues_x, corexii_hall_statues_i,
          corexii_hall_statues_u, corexii_hall_statues_i, corexii_hall_statues_i
D:2:      overflow_temple_1_default, uniq_terence
D:3:      uniq_natasha, uniq_crazy_yiuf_cottage
D:4:      old_standard_altar, serial_park_tiny_2
D:5:      tso_oasis_becter, first_bread, uniq_eustachio

Skill      XL: |  1  2  3  4  5  6 |
---------------+-------------------+-----
Maces & Flails | 5 6 7 |  7.2
Dodging        | 3 |  3.8
Fighting       | 5 |  5.9
Stealth        | |  1.5

Action                   |  1- 3 |  4- 6 || total
-------------------------+-------+-------++-------
Melee: Mace              |    60 |       ||    60
       Flail             |    17 |    81 ||    98
Evoke: Wand              |       |     2 ||     2
  Use: Potion            |       |     2 ||     2
 Stab: Sleeping          |       |     1 ||     1
  Eat: Chunk             |       |     4 ||     4
Armor: Robe              |    12 |     8 ||    20
Dodge: Dodged            |    60 |    36 ||    96
